 Dungeon Crawl Stone Soup version 0.30.1-11-g7821555f0a (webtiles) character file.

Game seed: 6861989896127287428

79 Scypho the Chopper (level 4, -12/39 HPs)
             Began as a Minotaur Fighter on Dec 1, 2023.
             Was an Initiate of Makhleb.
             Blown up by Ijyb (19 damage)
             ... with a mindburst bolt
             ... on level 3 of the Dungeon.
             The game lasted 00:06:07 (2275 turns).

Scypho the Chopper (Minotaur Fighter)               Turns: 2275, Time: 00:06:08

Health: -12/39     AC:  6    Str: 20    XL:     4   Next: 17%
Magic:  3/3        EV:  9    Int:  7    God:    Makhleb [......]
Gold:   197        SH:  0    Dex: 10    Spells: 3/3 levels left

rFire   . . .        e - +2 battleaxe (heavy)
rCold   . . .        (shield currently unavailable)
rNeg    . . .        b - +0 scale mail
rPois   .            (helmet restricted)
rElec   .            (no cloak)
rCorr   .            (no gloves)
SInv    .            (no boots)
Will    .....        (no amulet) Stlth
                     (no ring)
HPRegen 0.26/turn    (no ring)
MPRegen 0.08/turn

%: no passive effects
@: mighty
A: horns 2, retaliatory headbutt
a: Renounce Religion


You were on level 3 of the Dungeon.
You worshipped Makhleb.
Makhleb was noncommittal.
You visited 1 branch of the dungeon, and saw 3 of its levels.

You collected 197 gold pieces.

Inventory:

Hand Weapons
 e - a +2 heavy battleaxe (weapon)
Missiles
 a - 2 boomerangs (quivered)
Armour
 b - a +0 scale mail (worn)
 c - a +1 buckler
Scrolls
 f - a scroll of enchant weapon
 g - a scroll of poison {unknown}
 h - a scroll of blinking {unknown}
 j - a scroll of magic mapping
 k - 2 scrolls of enchant armour
 m - a scroll of fear {unknown}
Potions
 d - a potion of might
 l - a potion of resistance
 n - a potion of lignification {unknown}
 o - a potion of haste {unknown}


   Skills:
 - Level 3.6 Fighting
 + Level 5.4 Axes
 - Level 3.6 Armour
 - Level 3.6 Shields


You had 3 spell levels left.
You didn't know any spells.
Your spell library contained the following spells:

 Spells                   Type           Power      Damage    Failure   Level
 Searing Ray              Conj           0%         2d4       89%         2
 Flame Wave               Conj/Fire      0%         2d4       100%        4
 Dispersal                Tloc           0%         N/A       100%        6
 Orb of Destruction       Conj           0%         9d5       100%        7


Dungeon Overview and Level Annotations

Branches:
Dungeon (3/15)

Altars:
Gozag
Makhleb

Annotations:
D:3 3 runed translucent doors, Ijyb; meemomeemo's ghost, amateur GrFi


Innate Abilities, Weirdness & Mutations

You have a pair of horns on your head.
You reflexively headbutt those who attack you in melee.


Message History

Ijyb zaps a wand.
Your mind is blasted!
Ijyb screams, "Me very upset!"
Ijyb closely misses you.
You closely miss Ijyb.
Ijyb zaps a wand.
You barely resist. Ijyb barely misses you. You furiously retaliate!
You headbutt Ijyb, but do no damage. You slash Ijyb!
Ijyb zaps a wand.
Your mind is blasted!
* * * LOW HITPOINT WARNING * * *
Ijyb hits you with a +0 club.
* * * LOW HITPOINT WARNING * * *
It was a potion of heal wounds.
You feel much better.
Ijyb screams, "Level is mine!
All mine!"
Ijyb hits you but does no damage.
You closely miss Ijyb. Your headbutt misses Ijyb.
Ijyb zaps a wand.
Your mind is blasted!
Ijyb zaps a wand.
You barely resist.
Ijyb zaps a wand.
Your mind is blasted!
You closely miss Ijyb. Ijyb hits you with a +0 club.
Ijyb hits you but does no damage.
You barely miss Ijyb. You headbutt Ijyb, but do no damage.
Ijyb hits you with a +0 club.
Ijyb zaps a wand.
Your mind is blasted!
You hit Ijyb. You headbutt Ijyb.
Ijyb zaps a wand.
Your mind is blasted!
* * * LOW HITPOINT WARNING * * *
Ijyb hits you with a +0 club.
* * * LOW HITPOINT WARNING * * *
You feel very mighty all of a sudden.
Ijyb zaps a wand.
Your mind is blasted!
You die...

#......#.#####.#..#.#.
###......#.#####.#..#.'.
...............#.+..+###
.................#..#...
........##.###...#..#...
.................###+###
........##.###..........
.................####..#
.......@#...............
.......g................
#######.................
.....#####..........
....#..............
###..#..............
#..#...........<..
#.................
#...........###'##


You could see Ijyb.

Vanquished Creatures
  2 adders (D:2)
  3 dart slugs
  6 endoplasms
  3 giant cockroaches
  3 goblins
  2 hobgoblins
  9 jackals
  A quokka (D:1)
  6 ball pythons
  3 bats
  3 frilled lizards
  5 kobolds
  2 rats
48 creatures vanquished.

Notes
Turn   | Place    | Note
-------+----------+-------------------------------------------
     0 | D:1      | Scypho the Minotaur Fighter began the quest for the Orb.
     0 | D:1      | Reached XP level 1. HP: 19/19 MP: 0/0
    56 | D:1      | Reached skill level 3 in Axes
   116 | D:1      | Reached XP level 2. HP: 26/26 MP: 1/1
   240 | D:1      | Reached skill level 4 in Axes
   304 | D:1      | Reached XP level 3. HP: 31/31 MP: 2/2
   921 | D:2      | Reached skill level 5 in Axes
  1304 | D:2      | Reached XP level 4. HP: 11/39 MP: 3/3
  1665 | D:2      | Identified a scroll of acquirement
  1665 | D:2      | Acquired a +2 heavy battleaxe
  1733 | D:3      | Got Sif Muna's Papyrus of Moving Wounds
  1798 | D:3      | Found a runed translucent gate.
  1798 | D:3      | Found a runed translucent gate.
  1799 | D:3      | Found a runed translucent gate.
  1841 | D:3      | Found a burning altar of Makhleb.
  1845 | D:3      | Became a worshipper of Makhleb the Destroyer
  1911 | D:3      | Found an opulent altar of Gozag.
  2034 | D:3      | Noticed meemomeemo's ghost (amateur GrFi)
  2266 | D:3      | Noticed Ijyb
  2275 | D:3      | Blown up by Ijyb

Illustrated notes

Levels and vault maps discovered:
D:1:      lightli_arrival_chessboard, layout_loops_ring
D:2:      layout_loops_cross, kennysheep_small_spiral
D:3:      layout_basic, grunt_gozag_breadcrumbs, mainiacjoe_overflow_24_doors,
          gammafunk_ghost_icy, minmay_misc_feat_x,
          wander_ebering_terrifying_dragon_lair, uniq_ijyb

Skill      XL: |  1  2  3 |
---------------+----------+-----
Axes           | 3 4 5 |  5.4
Fighting       | |  3.6
Armour         | |  3.6
Shields        | |  3.6

Action                     |  1- 3 |  4- 6 || total
---------------------------+-------+-------++-------
  Melee: War axe           |    91 |     2 ||    93
         Headbutt          |     4 |     3 ||     7
         Battleaxe         |       |    18 ||    18
    Use: Potion            |     2 |     2 ||     4
         Scroll            |       |     4 ||     4
 Armour: Scale mail        |    41 |    10 ||    51
  Dodge: Dodged            |    46 |     9 ||    55
  Block: Buckler           |    23 |       ||    23
